 Dungeon Crawl Stone Soup version 0.16-a0-3326-gb44eaf1 (console) character file.

186 Fusha the Ogre Mage (level 5, 0/48 HPs)
             Began as an Ogre Ice Elementalist on Dec 27, 2014.
             Succumbed to an orc's poison
             ... on level 3 of the Dungeon.
             The game lasted 00:16:30 (3212 turns).

Fusha the Ogre Mage (Ogre Ice Elementalist)         Turns: 3212, Time: 00:16:30

Health: 0/48       AC:  3    Str: 13    XL:     5   Next: 65%
Magic:  5/14       EV: 15    Int: 15    God:
Gold:   157        SH:  0    Dex: 15    Spells: 2 memorised, 10 levels left

rFire  + . .     SeeInvis .     e - -2 whip (curse)
rCold  x . .     Clarity  .     a - +0 robe
rNeg   . . .     SustAb   .     (shield restricted)
rPois  .         Gourm    .     (helmet restricted)
rElec  .         Spirit   .     (no cloak)
rCorr  .         Warding  .     (gloves unavailable)
rMut   .         Stasis   .     (boots unavailable)
MR     .....                    (no amulet)
Stlth  +++.......               (no ring)
                                o - ring of fire

@: agile, lethally poisoned, not resistant to hostile enchantments, fairly
stealthy
A: unfitting armour, tough skin 1
a: no special abilities


You were on level 3 of the Dungeon.
You were not hungry.

You visited 1 branch of the dungeon, and saw 4 of its levels.

You collected 157 gold pieces.

Inventory:

Hand weapons
 e - a cursed -2 whip (weapon)
Missiles
 r - 44 stones (quivered)
Armour
 a - a +0 robe (worn)
Jewellery
 o - a ring of fire (left hand)
Scrolls
 k - a scroll of fear {unknown}
 m - a scroll of noise {unknown}
 n - a scroll of identify
 p - a scroll of immolation {unknown}
 q - a scroll of magic mapping {unknown}
 s - a scroll of teleportation {unknown}
Potions
 d - 2 potions of heal wounds
 f - a potion of might
 t - a potion of brilliance {unknown}
Books
 b - a book of Frost

   Spells                             Type                      Level
   a - Freeze                         Ice                          1
   b - Throw Frost                    Conjuration/Ice              2
   c - Ozocubu's Armour               Charms/Ice                   3
   d - Throw Icicle                   Conjuration/Ice              4
   e - Summon Ice Beast               Ice/Summoning                4
   f - Condensation Shield            Ice                          4
Comestibles
 c - a meat ration
 j - 4 bread rations
 l - 9 fruits


   Skills:
 + Level 1.3 Fighting
 + Level 0.3 Maces & Flails
 + Level 2.2 Dodging
 + Level 1.9 Stealth
 - Level 0.1 Unarmed Combat
 + Level 4.9 Spellcasting
 + Level 0.6 Conjurations
 + Level 2.9 Ice Magic


You had 10 spell levels left.
You knew the following spells:

 Your Spells              Type           Power        Failure   Level  Hunger
a - Freeze                Ice            #...         6%          1    None
b - Throw Frost           Conj/Ice       #.....       12%         2    ##.....


Dungeon Overview and Level Annotations

Branches:
Dungeon (4/15)
 Temple: D:4-7

Altars:
Gozag

Annotations:
D:2 Sigmund


Innate Abilities, Weirdness & Mutations

You are too large for most types of armour.
You have tough skin (AC +1).


Message History

* * * LOW HITPOINT WARNING * * *
You feel sick.
Drink which item? (? for menu, Esc to quit)
It was a potion of restore abilities.
You feel refreshed.
* * * LOW HITPOINT WARNING * * *
You feel sick.
Drink which item? (? for menu, Esc to quit)
Okay, then.
Drink which item? (? for menu, Esc to quit)
It was a potion of cancellation.
Your magical effects are unravelling.
Your magical contamination has completely faded away.
You feel magically purged.
You feel a little less mighty now.
* * * LOW HITPOINT WARNING * * *
You feel sick.
Drink which item? (? for menu, Esc to quit)
It was a potion of agility.
You feel agile all of a sudden.
You die...

#######......... ########
##............... #......#
#..#####.........
#......#####.## ###......#
#..>.......(.# #......#
#......###.### #.....<#
#..........†.### #......#
#######........######......#
##...)@.#.....##....)..
#........>.............
#.##########........... #.#
###.........# ##.#
#............
#..############........#
#............##........#
#.#.#.#.#.#.#.#........#
##.............####......


There were no monsters in sight!

Vanquished Creatures
  A big kobold (D:4)
  4 adders
  A giant mite (D:3)
  3 worms
  An adder skeleton (D:4)
  2 giant geckos
  2 orcs
  3 giant cockroaches
  10 goblins
  7 hobgoblins
  7 kobolds
  5 bats
  2 giant newts (D:1)
  8 rats
56 creatures vanquished.

Notes
Turn   | Place    | Note
--------------------------------------------------------------
     0 | D:1      | Fusha, the Ogre Ice Elementalist, began the quest for the Orb.
     0 | D:1      | Reached XP level 1. HP: 16/16 MP: 3/3
   118 | D:1      | Reached XP level 2. HP: 15/24 MP: 0/5
   134 | D:1      | Learned a level 2 spell: Throw Frost
   461 | D:1      | Reached skill level 3 in Spellcasting
   888 | D:1      | Reached XP level 3. HP: 29/32 MP: 1/8
  1417 | D:2      | Found an opulent altar of Gozag.
  1582 | D:2      | Noticed Sigmund
  1595 | D:3      | Reached skill level 4 in Spellcasting
  1595 | D:3      | Reached XP level 4. HP: 30/40 MP: 1/11
  2614 | D:4      | Noticed a big kobold
  2645 | D:4      | Killed a big kobold
  2645 | D:4      | Reached skill level 1 in Fighting
  2645 | D:4      | Reached XP level 5. HP: 11/48 MP: 0/14
  3211 | D:3      | HP: 2/48 [poisoned by an orc]
  3212 | D:3      | Succumbed to an orc's poison

Action                   |  1- 3 |  4- 6 || total
-------------------------+-------+-------++-------
Melee: Unarmed           |    33 |       ||    33
       Whip              |     8 |    46 ||    54
 Cast: Freeze            |    73 |    57 ||   130
       Throw Frost       |       |     5 ||     5
  Use: Potion            |       |     4 ||     4
       Scroll            |       |     1 ||     1
  Eat: Meat ration       |     1 |       ||     1
       Bread ration      |       |     1 ||     1
